Map: 세룰리안 폴 - 래더

Players

Zest

  • Race: Protoss Protoss
  • League: Master
  • Spawn Location: 1:00

Hurricane - Winner!

  • Race: Protoss Protoss
  • League: Master
  • Spawn Location: 7:00

Event: IEM Season 13 - Katowice Server Qualifiers Asia 2

VOD

Have the link to the VOD?

Description

Time

  • Played on: Jan. 22, 2019, 4:28 a.m.
  • Length: 9:06

All games in this series

Show
View Real Time Build Order
Export as new Build Order

Zest Protoss 

Build Orders: Phoenix Opening 

Get SALT Encoding   

  12  0:00  Probe  
  13  0:13  Probe  
  14  0:17  Pylon  
  14  0:24  Probe  
  15  0:32  Probe  
  15  0:37  Gateway  
  15  0:40  Probe  
  16  0:47  Assimilator  
  17  0:51  Probe  
  17  0:55  Assimilator  
  18  1:00  Probe  
  19  1:08  Probe, Gateway  
  19  1:17  Probe  
  20  1:24  Cybernetics Core  
  21  1:29  Probe  
  22  1:35  Pylon  
  22  1:41  Probe  
  23  1:54  Probe  
  24  2:01  Sentry, Stalker  
  24  2:03  Warp Gate  
  24  2:08  Pylon  
  28  2:23  Pylon  
  28  2:35  Phoenix  
  28  2:41  Stargate  
  28  2:49  Stalker x2  
  32  3:03  Nexus  
  32  3:14  Probe  
  33  3:26  Probe  
  34  3:27  Phoenix  
  36  3:38  Probe  
  37  3:45  Pylon  
  37  3:50  Probe  
  37  3:51  Stargate  
  38  3:59  Probe  
  39  4:03  Phoenix  
  39  4:06  Assimilator  
  39  4:07  Probe  
  39  4:08  Assimilator  
  41  4:12  Probe  
  41  4:15  Probe  
  43  4:20  Probe  
  43  4:23  Probe  
  44  4:28  Phoenix  
  44  4:30  Probe  
  48  4:33  Probe  
  48  4:37  Phoenix  
  52  4:42  Probe  
  53  4:45  Probe  
  53  4:47  Pylon  
  53  4:50  Phoenix  
  54  4:56  Phoenix  
  56  5:07  Probe x2  
  60  5:15  Robotics Facility  
  60  5:19  Probe x2  
  59  5:31  Probe, Stalker  
  59  5:32  Stalker  
  61  5:41  Probe  
  59  5:47  Probe  
  57  5:53  Probe  
  56  5:58  Observer  
  56  5:59  Probe  
  57  6:06  Probe, Immortal  
  57  6:09  Sentry x2, Pylon  
  63  6:11  Probe  
  63  6:18  Probe  
  65  6:21  Pylon  
  65  6:23  Probe  
  70  6:30  Probe  
  71  6:33  Stalker x2  
  71  6:35  Probe  
  72  6:47  Immortal  
  72  6:54  Probe x2  
  76  6:59  Twilight Council  
  76  7:00  Forge  
  76  7:04  Protoss Ground Weapons Level 1  
  76  7:06  Probe x2  
  78  7:16  Charge  
  78  7:24  Gateway  
  78  7:25  Gateway  
  78  7:26  Gateway  
  78  7:27  Gateway  
  78  7:36  Templar Archives  
  76  7:43  Gateway  
  76  7:44  Gateway  
  76  8:02  Nexus  
  76  8:03  Pylon  
  76  8:06  Warp Prism  
  78  8:14  High Templar x2, Pylon  
  82  8:20  Archon  
  82  8:21  High Templar x2  
  82  8:22  Zealot x2  
  82  8:26  Archon  
  90  8:39  High Templar x2  
  94  8:43  Archon  
  94  8:50  Zealot  
  94  8:51  Zealot x3  
  92  9:02  Zealot x2  
Show
View Real Time Build Order
Export as new Build Order

Hurricane Protoss - Winner!

Build Orders: Oracle Opening, Phoenix Opening, Zealot Archon 

Get SALT Encoding   

  12  0:00  Probe  
  13  0:12  Probe  
  14  0:17  Pylon  
  14  0:24  Probe  
  15  0:32  Probe  
  15  0:37  Gateway  
  15  0:40  Probe  
  16  0:47  Assimilator  
  17  0:50  Probe  
  17  0:56  Assimilator  
  18  0:58  Probe  
  19  1:06  Probe  
  20  1:12  Gateway  
  20  1:17  Probe  
  21  1:26  Cybernetics Core  
  21  1:29  Probe  
  22  1:37  Pylon  
  22  1:41  Probe  
  23  1:55  Probe  
  24  2:04  Stalker  
  24  2:05  Sentry, Warp Gate  
  24  2:07  Pylon  
  28  2:11  Probe  
  29  2:23  Pylon  
  29  2:37  Stargate  
  29  2:38  Phoenix  
  29  2:39  Probe  
  29  3:00  Nexus  
  29  3:05  Probe  
  30  3:18  Probe  
  30  3:19  Stalker  
  35  3:30  Probe  
  38  3:36  Oracle, Pylon  
  36  3:42  Probe  
  36  3:48  Twilight Council  
  38  3:54  Probe  
  39  4:06  Probe, Stalker x2  
  39  4:07  Blink  
  44  4:10  Probe  
  44  4:14  Probe, Phoenix  
  45  4:18  Probe  
  45  4:22  Probe  
  45  4:23  Pylon  
  47  4:26  Probe  
  49  4:32  Probe  
  50  4:39  Probe  
  50  4:41  Stalker  
  50  4:43  Stalker  
  56  4:45  Probe  
  56  4:51  Probe  
  57  4:57  Probe, Forge  
  58  5:03  Probe  
  58  5:05  Assimilator  
  58  5:06  Assimilator  
  59  5:10  Probe  
  59  5:11  Stalker  
  59  5:12  Stalker  
  64  5:15  Probe  
  65  5:22  Probe  
  65  5:27  Probe  
  65  5:34  Probe  
  66  5:39  Probe  
  64  5:46  Nexus, Probe  
  64  5:47  Stalker  
  64  5:48  Stalker  
  67  5:50  Protoss Ground Weapons Level 1  
  67  5:52  Probe  
  67  6:01  Charge  
  67  6:02  Probe  
  65  6:08  Gateway  
  66  6:14  Pylon  
  66  6:15  Probe  
  66  6:16  Stalker  
  66  6:17  Stalker  
  70  6:31  Pylon  
  70  6:32  Probe x2  
  70  6:44  Probe  
  67  6:47  Probe  
  68  6:55  Gateway x2  
  68  6:56  Probe  
  68  6:57  Gateway  
  68  6:58  Gateway  
  68  6:59  Probe  
  68  7:01  Gateway  
  70  7:03  Templar Archives  
  70  7:05  Sentry  
  72  7:11  Zealot x2  
  74  7:15  Probe x3  
  75  7:24  Pylon  
  75  7:32  Probe x3  
  78  7:41  High Templar x3  
  84  7:45  Pylon  
  84  7:46  Robotics Facility  
  84  7:50  Archon  
  84  7:51  Zealot x2  
  87  7:58  High Templar  
  87  7:59  Zealot x2  
  87  8:02  Probe  
  94  8:06  Archon  
  94  8:12  Zealot x2, Pylon  
  98  8:13  Zealot  
  98  8:14  Zealot  
  102  8:22  High Templar  
  102  8:23  High Templar, Zealot  
  108  8:27  Archon  
  108  8:30  Pylon  
  109  8:34  Observer  
  109  8:36  Zealot x4  
  109  8:40  Zealot  

Tags
 
Add a new tag
Caveats
  • Supply blocks, unpowered buildings, or Contaminate may cause inaccurate times.
  • Supply counts are checked every 10 seconds.